 Dungeon Crawl Stone Soup version 0.27-a0-1200-g94dc6ad4cf (webtiles) character file.

Game seed: 8282251078768531817

202 flotson the Covert (level 5, -7/47 HPs)
             Began as a Gnoll Delver on May 30, 2021.
             Killed by divine providence
             ... invoked by an orc priest
              (15 damage)
             ... on level 3 of the Dungeon.
             The game lasted 00:01:47 (852 turns).

flotson the Covert (Gnoll Delver)                    Turns: 852, Time: 00:01:48

Health: -7/47      AC:  7    Str: 12    XL:     5   Next: 80%
Magic:  7/7        EV: 10    Int:  9    God:
Gold:   26         SH:  0    Dex: 14    Spells: 7/7 levels left

rFire    . . .     SeeInvis .   f - +2 hand axe (distort)
rCold    . . .     Faith    .   (no shield)
rNeg     . . .     Spirit   .   j - +0 scale mail
rPois    .         Reflect  .   m - +0 helmet
rElec    .         Harm     .   (no cloak)
rCorr    .         Rampage  .   (no gloves)
Will     .....                  (no boots)
Stlth    +++.......             (no amulet)
HPRegen  0.15/turn              (no ring)
MPRegen  0.10/turn              (no ring)

@: no status effects
A: fangs 1, strong nose, distributed training
a: no special abilities


You were on level 3 of the Dungeon.
You visited 1 branch of the dungeon, and saw 3 of its levels.

You collected 26 gold pieces.

Inventory:

Hand Weapons
 a - a +0 spear
 b - a +0 hunting sling
 f - a +2 hand axe of distortion (weapon)
Armour
 h - a +0 leather armour
 j - a +0 scale mail (worn)
 m - a +0 helmet (worn)
Jewellery
 i - a ring of ice
Wands
 g - a wand of digging (8)
Scrolls
 c - a scroll of fog
 d - 2 scrolls of magic mapping
 e - 2 scrolls of fear
 k - a scroll of identify {unknown}
Potions
 l - a potion of resistance {unknown}
 n - a potion of mutation {unknown}


   Skills:
 + Level 6.7 Fighting
 + Level 1.6 Short Blades
 + Level 1.6 Long Blades
 + Level 1.6 Axes
 + Level 1.6 Maces & Flails
 + Level 4.8 Polearms
 + Level 1.6 Staves
 + Level 1.6 Slings
 + Level 1.6 Bows
 + Level 1.6 Crossbows
 + Level 1.6 Throwing
 + Level 1.6 Armour
 + Level 4.8 Dodging
 + Level 9.7 Stealth
 + Level 1.6 Shields
 + Level 1.6 Unarmed Combat
 + Level 1.6 Spellcasting
 + Level 1.3 Conjurations
 + Level 1.3 Hexes
 + Level 1.3 Summonings
 + Level 1.3 Necromancy
 + Level 1.3 Translocations
 + Level 1.3 Transmutations
 + Level 1.3 Fire Magic
 + Level 1.3 Ice Magic
 + Level 1.3 Air Magic
 + Level 1.3 Earth Magic
 + Level 1.3 Poison Magic
 + Level 1.8 Invocations
 + Level 1.6 Evocations


You had 7 spell levels left.
You didn't know any spells.
Your spell library was empty.

Dungeon Overview and Level Annotations

Branches:
Dungeon (5/15)
 Temple: D:4-7

Altars:


Innate Abilities, Weirdness & Mutations

You have very sharp teeth.
Your uncanny sense of smell can sniff out nearby items.
Your experience applies equally to all skills.


Message History

The orc wizard gestures at you while chanting.
You are confused.
You are too confused!
You are too confused!
Unknown command.
The orc priest hits you with a +0 club.
The orc wizard hits you but does no damage.
You bump into the rock wall.
The orc wizard hits you but does no damage.
The orc priest hits you with a +0 club.
You slash the orc priest!
Space bends around the orc priest.
The orc priest is almost dead.
You hit the orc.
Space bends around the orc.
You hit the orc wizard.
The orc wizard is devoured by a tear in reality.
The orc hits you with a +0 club.
The orc priest invokes the aid of Beogh against you.
Pain shoots through your body!
* * * LOW HITPOINT WARNING * * *
You're too confused to move!
The orc hits you with a +0 club.
* * * LOW HITPOINT WARNING * * *
The orc priest barely misses you.
The orc priest mumbles some strange prayers to Beogh against you.
You barely resist.
You feel less confused. The orc closely misses you.
Things that are here:
a +0 club; a +0 chain mail; an orc corpse You hit the orc.
You kill the orc!
You closely miss the orc priest.
The orc priest is almost dead.
The orc priest begins to cast a cantrip, but forgets the words!
The orc priest hits you with a +0 club.
* * * LOW HITPOINT WARNING * * *
You hit the orc priest but do no damage.
The orc priest is almost dead.
The orc priest blinks!
The orc priest mumbles some strange prayers to Beogh against you.
Beogh smites you!
You die...

##.........# #
#.....>..##.#
#.#.##.......#
##<.#........##
##..............
#.##.#.##...##.#
#. #.#......# #
. #.#.....!#
#@ยง)....#.#
#.))...o.#..
##.#)#..###.
#.#..>##
#.###..# #..
...# ### ... .##


You could see an orc priest.

Vanquished Creatures
  A scorpion (D:4)
  2 orc priests (D:4)
  A bullfrog skeleton (D:4)
  A hound skeleton (D:4)
  A dart slug (D:4)
  5 orcs
  An endoplasm (D:4)
  A giant cockroach (D:4)
  A hobgoblin (D:3)
  A quokka (D:4)
  2 ball pythons (D:4)
17 creatures vanquished.

Vanquished Creatures (others)
  A plant (D:3)
1 creature vanquished.

Grand Total: 18 creatures vanquished

Notes
Turn   | Place    | Note
-------+----------+-------------------------------------------
     0 | D:5      | Reached skill level 9 in Stealth
     0 | D:5      | flotson the Gnoll Delver began the quest for the Orb.
     0 | D:5      | Reached XP level 1. HP: 23/23 MP: 1/1
    15 | D:5      | Noticed a sky beast
    72 | D:5      | Noticed a water moccasin
   112 | D:4      | Noticed an iguana
   112 | D:4      | Noticed an iguana
   147 | D:4      | Reached XP level 2. HP: 9/29 MP: 2/2
   147 | D:4      | Reached XP level 3. HP: 11/35 MP: 3/3
   386 | D:4      | Noticed a scorpion
   411 | D:4      | Killed a scorpion
   412 | D:4      | Reached skill level 1 in Short Blades
   412 | D:4      | Reached skill level 1 in Long Blades
   412 | D:4      | Reached skill level 1 in Axes
   412 | D:4      | Reached skill level 1 in Maces & Flails
   412 | D:4      | Reached skill level 1 in Staves
   412 | D:4      | Reached skill level 1 in Slings
   412 | D:4      | Reached skill level 1 in Bows
   412 | D:4      | Reached skill level 1 in Crossbows
   412 | D:4      | Reached skill level 1 in Throwing
   412 | D:4      | Reached skill level 1 in Armour
   412 | D:4      | Reached skill level 1 in Shields
   412 | D:4      | Reached skill level 1 in Unarmed Combat
   412 | D:4      | Reached skill level 1 in Spellcasting
   412 | D:4      | Reached skill level 1 in Invocations
   412 | D:4      | Reached skill level 1 in Evocations
   412 | D:4      | Reached XP level 4. HP: 27/41 MP: 3/5
   625 | D:4      | Reached skill level 1 in Conjurations
   625 | D:4      | Reached skill level 1 in Hexes
   625 | D:4      | Reached skill level 1 in Summonings
   625 | D:4      | Reached skill level 1 in Necromancy
   625 | D:4      | Reached skill level 1 in Translocations
   625 | D:4      | Reached skill level 1 in Transmutations
   625 | D:4      | Reached skill level 1 in Fire Magic
   625 | D:4      | Reached skill level 1 in Ice Magic
   625 | D:4      | Reached skill level 1 in Air Magic
   625 | D:4      | Reached skill level 1 in Earth Magic
   625 | D:4      | Reached skill level 1 in Poison Magic
   628 | D:4      | Reached XP level 5. HP: 31/47 MP: 6/6
   852 | D:3      | Killed from afar by an orc priest

Illustrated notes

Levels and vault maps discovered:
D:3:      layout_loops_cross, nzn_hepliaklqana_mist_gate, serial_bayou,
          serial_bayou_ford_a, serial_bayou_shore_b, serial_bayou_pond_b,
          serial_bayou_pond_c, serial_shops, shop, uniq_grinder, uniq_jessica
D:4:      layout_rooms, serial_curves, eino_curves_01, eino_curves_01,
          st_stairs_7, sigmund_army
D:5:      layout_gridville, kennysheep_mini, minmay_temple_entry_fiery,
          nrook_loot_triangle, minmay_misc_feat_columns, uniq_menkaure,
          uniq_prince_ribbit1

Skill      XL: |  1  2  3  4 |
---------------+-------------+-----
Stealth        | |  9.7
Short Blades   | 1 |  1.6
Long Blades    | 1 |  1.6
Axes           | 1 |  1.6
Maces & Flails | 1 |  1.6
Staves         | 1 |  1.6
Slings         | 1 |  1.6
Bows           | 1 |  1.6
Crossbows      | 1 |  1.6
Throwing       | 1 |  1.6
Armour         | 1 |  1.6
Shields        | 1 |  1.6
Unarmed Combat | 1 |  1.6
Spellcasting   | 1 |  1.6
Invocations    | 1 |  1.8
Evocations     | 1 |  1.6
Conjurations   | 1 |  1.3
Hexes          | 1 |  1.3
Summonings     | 1 |  1.3
Necromancy     | 1 |  1.3
Translocations | 1 |  1.3
Transmutations | 1 |  1.3
Fire Magic     | 1 |  1.3
Ice Magic      | 1 |  1.3
Air Magic      | 1 |  1.3
Earth Magic    | 1 |  1.3
Poison Magic   | 1 |  1.3
Fighting       | |  6.7
Polearms       | |  4.8
Dodging        | |  4.8

Action                   |  1- 3 |  4- 6 || total
-------------------------+-------+-------++-------
Melee: Spear             |    29 |       ||    29
       Bite              |     4 |     1 ||     5
       Hand axe          |       |    31 ||    31
  Use: Potion            |     1 |       ||     1
 Stab: Sleeping          |     1 |     2 ||     3
Armor: Leather armour    |     1 |       ||     1
       Scale mail        |       |    11 ||    11
Dodge: Dodged            |    14 |    15 ||    29

Table legend: (Time is in decaauts)
 A = Elapsed time spent in this place.
 B = Non-inter-level travel time spent in this place.
 C = Inter-level travel time spent in this place.
 D = Time resting spent in this place.
 E = Time spent auto-exploring this place.
 F = Levels seen in this place.
 G = Mean time per level.
                   A        B        C        D        E       F      G
               +--------+--------+--------+--------+--------+-----+--------+
         Total |    842 |    813 |     29 |    347 |    255 |   3 |  280.7 |
       Dungeon |    842 |    813 |     29 |    347 |    255 |   3 |  280.7 |
               +--------+--------+--------+--------+--------+-----+--------+

Top non-repeatable levels by time:
     D:4: 683 daAuts
     D:5: 122 daAuts
     D:3: 37 daAuts
